 Dungeon Sprint DCSS version 0.26-a0-662-g8b9c6dab81 (webtiles) character file.

Game seed: 4621701594700850841

1023 looop the Fighter (level 8, -6/83 HPs)
             Began as a Barachi Ice Elementalist on Oct 9, 2020.
             Was a Believer of Sif Muna.
             Mangled by a shadow (32 damage)
             ... in the Dungeon (Sprint III: "The Ten Rune Challenge").
             The game lasted 00:04:27 (1119 turns).

looop the Fighter (Barachi Ice Elementalist)        Turns: 1119, Time: 00:04:27

Health: -6/83      AC: 10    Str: 10    XL:     8   Next: 22%
Magic:  3/18       EV: 17    Int: 18    God:    Sif Muna [**....]
Gold:   35         SH:  0    Dex: 12    Spells: 5/20 levels left

rFire    . . .     SeeInvis .   q - +0 long sword (holy)
rCold    . . .     Faith    .   (no shield)
rNeg     . . .     Spirit   .   a - +0 robe
rPois    .         Reflect  .   (helmet restricted)
rElec    .         Harm     .   s - scarf {repulsion}
rCorr    .         Rampage  .   (no gloves)
MR       .....     Clarity  +   (no boots) Stlth ++........NoTele +
                                (no amulet)
HPRegen  0.23/turn              (no ring)
MPRegen  0.16/turn              (no ring)

@: icy armour, repel missiles, slow
A: +LOS, swims, beak, clarity, robust 1, slowness 1, strong legs 1
a: Hop, Channel Magic, Renounce Religion


You were in the Dungeon.
You worshipped Sif Muna.
Sif Muna was pleased with you.
You visited 1 branch You collected 35 gold pieces.

Inventory:

Hand Weapons
 q - a +0 long sword of holy wrath (weapon)
Missiles
 j - 2 javelins (quivered)
Armour
 a - a +0 robe (worn)
 s - a scarf of repulsion (worn)
Wands
 i - a wand of flame (7)
 t - a wand of digging (7)
Scrolls
 b - 2 scrolls of magic mapping {unknown}
 h - a scroll of blinking
 k - 2 scrolls of holy word {unknown}
 l - 3 scrolls of identify
 m - a scroll of remove curse {unknown}
 o - a scroll of random uselessness {unknown}
Potions
 c - a potion of curing
 d - a potion of heal wounds
 e - 2 potions of haste
 f - 2 potions of magic
 g - a potion of berserk rage
 n - 3 potions of flight
 p - 3 potions of mutation
 r - a potion of might


   Skills:
 - Level 12.1 Fighting
 - Level 10.0 Dodging
 - Level 1.7 Stealth
 + Level 6.8 Spellcasting
 - Level 3.0 Conjurations
 - Level 3.0 Summonings
 - Level 10.0 Ice Magic
 + Level 2.3 Invocations


You had 5 spell levels left.
You knew the following spells:

 Your Spells              Type           Power        Failure   Level
a - Freeze                Ice            ####         1%          1
b - Frozen Ramparts       Ice            #####.       1%          3
c - Ozocubu's Armour      Ice            #####...     1%          3
d - Hailstorm             Conj/Ice       ####....     8%          4
e - Summon Ice Beast      Ice/Summ       ####....     8%          4

Your spell library contained the following spells:

 Spells                   Type           Power        Failure   Level
 Confusing Touch          Hex            #.......     32%         3
 Gell's Gravitas          Tloc           #.........   32%         3
 Metabolic Englaciation   Hex/Ice        ###.......   36%         5
 Petrify                  Tmut/Erth      #.......     73%         4
 Yara's Violent Unravell  Hex/Tmut       #.........   97%         5


Dungeon Overview and Level Annotations

Branches:
Dungeon (1/1)

Altars:
Dithmenos
Elyvilon
Kikubaaqudgha
Okawaru
Ru
Sif Muna
Trog
Uskayaw
Vehumet
Wu Jian
Yredelemnul
Zin
The Shining One
Beogh


Innate Abilities, Weirdness & Mutations

You can be seen from farther away. (+LOS)
You can swim through water.
You cover ground slowly.
You can hop short distances.
You have a beak for a mouth.
You possess an exceptional clarity of mind.
You are robust. (+10% HP)


Message History

You hit the shadow.
The shadow convulses.
The shadow is almost destroyed.
Your ice beast barely misses the shadow.
The shadow completely resists.
The wall freezes the shadow but do no damage.
The shadow slips into darkness.
The shadow flickers and vanishes!
Deactivating autopickup; reactivate with Ctrl-A.
You completely miss something.
The frozen ramparts melt away.
The shadow strikes at you from the darkness!
Reactivating autopickup.
Your ice beast barely misses the shadow.
You completely miss the shadow.
The shadow is almost destroyed.
Your ice beast barely misses the shadow.
The shadow slips into darkness.
The shadow flickers and vanishes!
Deactivating autopickup; reactivate with Ctrl-A.
The shadow strikes at you from the darkness!
You die...

▓▓▓ ♣♣
♣.############ .♣
♣♣.#___#___#__# .♣♣
♣..#...#__.#._# ≈.♣
♣..###'#)###)##
≈.♣♣♣♣.#........@Y#
≈≈..♣..'.⌠......Y{#
≈≈≈≈.♣.#...######'#
≈≈≈....#.⌠.# #...#
≈≈.....#...# #...#
.......#)### #...#
.......#...# #...+
.......#___# +...#
▓▓▓▓▓▓▓▓▓▓▓▓ ▓▓▓▓▓


You could see 2 friendly ice beasts.

Vanquished Creatures
  A deep elf mage (D)
  A necrophage (D)
  A water elemental (D)
  A scorpion (D)
  A jelly (D)
  A wizard (D)
  Jessica (D)
  A necromancer (D)
  A kobold demonologist (D)
  3 humans (D)
  2 oozes (D)
  A rat (D)
15 creatures vanquished.

Vanquished Creatures (others)
  2 plants (D)
2 creatures vanquished.

Grand Total: 17 creatures vanquished

Notes
Turn   | Place    | Note
-------+----------+-------------------------------------------
     0 | D        | looop the Barachi Ice Elementalist began the quest for the
                  | Orb.
     0 | D        | Reached XP level 1. HP: 13/13 MP: 3/3
     5 | D        | Reached skill level 5 in Ice Magic
    14 | D        | Reached XP level 2. HP: 2/19 MP: 0/6
   296 | D        | Noticed Jessica
   298 | D        | Killed Jessica
   298 | D        | Reached XP level 3. HP: 23/24 MP: 3/8
   358 | D        | Learned a level 3 spell: Frozen Ramparts
   362 | D        | Learned a level 3 spell: Ozocubu's Armour
   381 | D        | Noticed a scorpion
   392 | D        | Reached skill level 2 in Fighting
   436 | D        | Killed a scorpion
   436 | D        | Reached skill level 5 in Fighting
   436 | D        | Reached XP level 4. HP: 37/39 MP: 8/12
   460 | D        | Gained mutation: You do not regenerate when monsters are
                  | visible. [potion of mutation]
   460 | D        | Gained mutation: You are agile. (Dex +2) [potion of
                  | mutation]
   460 | D        | Gained mutation: You are covered in fur. (AC +1) [potion of
                  | mutation]
   461 | D        | Lost mutation: You are agile. (Dex +2) [potion of mutation]
   461 | D        | Lost mutation: You do not regenerate when monsters are
                  | visible. [potion of mutation]
   461 | D        | Lost mutation: You are covered in fur. (AC +1) [potion of
                  | mutation]
   461 | D        | Gained mutation: You have a beak for a mouth. [potion of
                  | mutation]
   461 | D        | Gained mutation: You possess an exceptional clarity of
                  | mind. [potion of mutation]
   461 | D        | Gained mutation: You are robust. (+10% HP) [potion of
                  | mutation]
   482 | D        | Learned a level 4 spell: Hailstorm
   487 | D        | Learned a level 4 spell: Summon Ice Beast
   499 | D        | Noticed a water elemental
   509 | D        | Killed a water elemental
   509 | D        | Reached XP level 5. HP: 22/50 MP: 13/13
   684 | D        | Found a radiant altar of Vehumet.
   687 | D        | Reached skill level 6 in Fighting
   688 | D        | Found a shimmering blue altar of Sif Muna.
   688 | D        | Found an ancient bone altar of Kikubaaqudgha.
   696 | D        | Became a worshipper of Sif Muna the Loreminder
   722 | D        | Found a glowing silver altar of Zin.
   722 | D        | Found a glowing golden altar of the Shining One.
   722 | D        | Found a white marble altar of Elyvilon.
   723 | D        | Noticed a deep elf mage
   730 | D        | Killed a deep elf mage
   730 | D        | Reached skill level 10 in Fighting
   730 | D        | Reached skill level 10 in Ice Magic
   730 | D        | Reached XP level 6. HP: 25/67 MP: 2/15
   730 | D        | Reached XP level 7. HP: 27/73 MP: 2/16
   940 | D        | Found a hide-covered altar of Uskayaw.
   940 | D        | Found a roughly hewn altar of Beogh.
   940 | D        | Found an iron altar of Okawaru.
   940 | D        | Found a bloodstained altar of Trog.
   940 | D        | Found an ornate altar of the Wu Jian Council.
   940 | D        | Noticed a human
   940 | D        | Noticed a human
   947 | D        | Killed a human
   947 | D        | Reached skill level 11 in Fighting
   949 | D        | Killed a human
   949 | D        | Reached * piety under Sif Muna
   949 | D        | Reached skill level 12 in Fighting
   949 | D        | Reached skill level 10 in Dodging
   949 | D        | Reached XP level 8. HP: 70/83 MP: 1/17
  1056 | D        | Found a basalt altar of Yredelemnul.
  1056 | D        | Found a shadowy altar of Dithmenos.
  1056 | D        | Found a sacrificial altar of Ru.
  1089 | D        | Reached ** piety under Sif Muna
  1107 | D        | Noticed a shadow
  1119 | D        | Mangled by a shadow

Illustrated notes

Levels and vault maps discovered:
D:        dungeon_sprint_mu [sprint_mu_entry_forest, sprint_mu_temple_rooms,
          sprint_mu_d1_horrors, sprint_mu_d2_genie, sprint_mu_d3_branching,
          sprint_mu_orc_legion, sprint_mu_elf_gauntlet, sprint_mu_hive_nellie,
          sprint_mu_lair_fedhas, sprint_mu_vaults_butterflies,
          sprint_mu_slime_circle, sprint_mu_swamp_cave, sprint_mu_shoals_archi,
          sprint_mu_blade_basic, sprint_mu_crypt_lich, sprint_mu_tomb_spiral,
          sprint_mu_vestibule_basic, sprint_mu_gehenna_hellfire,
          sprint_mu_dis_giant, sprint_mu_tartarus_statrot,
          sprint_mu_cocytus_islands, sprint_mu_zot1]

Skill      XL: |  1  2  3  4  5  6  7  8 |
---------------+-------------------------+-----
Ice Magic      | 6 7 8 10 | 10.0
Spellcasting   | 3 4 6 |  6.8
Fighting       | 5 10 12 | 12.1
Dodging        | 3 8 10 | 10.0
Conjurations   | 2 3 |  3.0
Summonings     | 2 3 |  3.0
Invocations    | 2 |  2.3
Stealth        | |  1.7

Action                   |  1- 3 |  4- 6 |  7- 9 || total
-------------------------+-------+-------+-------++-------
Melee: Unarmed           |     7 |     5 |       ||    12
       Peck              |       |     1 |     1 ||     2
       Long sword        |       |       |     8 ||     8
 Cast: Freeze            |     8 |     7 |     3 ||    18
       Frozen Ramparts   |     1 |     2 |     4 ||     7
       Ozocubu's Armour  |       |     1 |     3 ||     4
       Summon Ice Beast  |       |       |     4 ||     4
 Abil: Hop               |     1 |       |       ||     1
Evoke: Wand              |     3 |     2 |       ||     5
  Use: Potion            |       |     2 |       ||     2
Armor: Robe              |       |       |     1 ||     1
Dodge: Dodged            |     7 |     5 |     7 ||    19
       Rpst.: Long sword |       |       |     4 ||     4

Table legend: (Time is in decaauts)
 A = Elapsed time spent in this place.
 B = Non-inter-level travel time spent in this place.
 C = Inter-level travel time spent in this place.
 D = Time resting spent in this place.
 E = Time spent auto-exploring this place.
 F = Levels seen in this place.
 G = Mean time per level.
                   A        B        C        D        E       F      G
               +--------+--------+--------+--------+--------+-----+--------+
         Total |   1151 |   1151 |      0 |    809 |     54 |   1 | 1151.0 |
       Dungeon |   1151 |   1151 |      0 |    809 |     54 |   1 | 1151.0 |
               +--------+--------+--------+--------+--------+-----+--------+

Top non-repeatable levels by time:
       D: 1151 daAuts
